 Dungeon Crawl Stone Soup version 0.22-a0-398-g8bb545f (webtiles) character file.

43 emperorscorpion the Skirmisher (level 3, -12/33 HPs)
             Began as a Hill Orc Fighter on May 5, 2018.
             Was an Initiate of Okawaru.
             Killed by divine providence
             ... invoked by an orc priest
              (16 damage)
             ... on level 5 of the Dungeon.
             The game lasted 00:02:14 (452 turns).

emperorscorpion the Skirmisher (Hill Orc Fighter)    Turns: 452, Time: 00:02:15

Health: -12/33     AC:  9    Str: 24    XL:     3   Next: 58%
Magic:  3/3        EV:  5    Int:  8    God:    Okawaru [......]
Gold:   32         SH:  9    Dex: 10    Spells: 2/2 levels left

rFire    . . .     SeeInvis .   a - +0 war axe
rCold    . . .     Gourm    .   c - +0 shield
rNeg     . . .     Faith    .   m - +0 chain mail
rPois    .         Spirit   .   (no helmet)
rElec    .         Reflect  .   (no cloak)
rCorr    .         Harm     .   (no gloves)
MR       .....                  (no boots)
Stlth    ..........             (no amulet)
HPRegen  0.11/turn              l - ring of flight
MPRegen  0.08/turn              u - ring of wizardry

@: mighty, hasted, very quick
A: no striking features
a: Renounce Religion, Convert to Beogh, Evoke Flight


You were on level 5 of the Dungeon.
You worshipped Okawaru.
Okawaru was noncommittal.
You were not hungry.

You visited 1 branch of the dungeon, and saw 5 of its levels.

You collected 32 gold pieces.

Inventory:

Hand Weapons
 a - a +0 war axe (weapon)
 p - a +0 hunting sling
Missiles
 k - 7 tomahawks of returning (quivered)
 q - 22 stones
Armour
 b - a +0 scale mail
 c - a +0 shield (worn)
 m - a +0 chain mail (worn)
Jewellery
 l - a ring of flight (left hand)
 u - a ring of wizardry (right hand)
Scrolls
 g - a scroll of random uselessness {unknown}
 n - a scroll of fog {unknown}
 o - a scroll of remove curse {unknown}
 r - a scroll of magic mapping {unknown}
Potions
 i - a potion of cancellation {unknown}
 s - a potion of heal wounds {unknown}
 t - a potion of invisibility {unknown}
Comestibles
 f - 3 rations
 h - 5 chunks of flesh


   Skills:
 + Level 4.1 Fighting
 + Level 3.8 Axes
 + Level 3.7 Armour
 + Level 0.1 Dodging
 + Level 3.5 Shields


You had 2 spell levels left.
You didn't know any spells.

Dungeon Overview and Level Annotations

Branches:
Dungeon (5/15)
 Temple: D:4-7

Altars:
Okawaru


Message History

The orc priest shouts, "Beogh is our master!
Accept the truth or die!"
Something hits you but does no damage. You block the orc's attack.
The orc priest hits you but does no damage.
Unknown command.
You slash the orc priest!
The orc priest shouts, "Join the one true god or die!"
The orc priest is heavily wounded.
You closely miss something. You slash the orc!
You kill the orc!
Okawaru accepts your kill. Something hits you.
* * * LOW HITPOINT WARNING * * *
Something shocks you.
* * * LOW HITPOINT WARNING * * *
You closely miss something.
Your shield and chain mail prevent you from hitting the orc priest.
Your shield and chain mail prevent you from hitting the giant cockroach.
The orc priest calls down the wrath of Beogh upon you.
Beogh smites you!
You die...

...(........#
............#
............#
............#
............#
............#
#.....so{...#
#....)@....#
##.........#
##########.#


You could see an orc priest and a giant cockroach.

Vanquished Creatures
  An adder (D:2)
  A worm (D:2)
  4 orcs (D:5)
  4 hobgoblins
  2 jackals (D:4)
  A quokka (D:3)
  2 bats
  4 frilled lizards
  5 goblins
  A kobold (D:1)
  2 rats
27 creatures vanquished.

Notes
Turn   | Place    | Note
-------+----------+-------------------------------------------
     0 | D:1      | emperorscorpion the Hill Orc Fighter began the quest for the Orb.
     0 | D:1      | Reached XP level 1. HP: 19/19 MP: 1/1
   116 | D:1      | Reached XP level 2. HP: 22/27 MP: 2/2
   158 | D:2      | Found an iron altar of Okawaru.
   166 | D:2      | Became a worshipper of Warmaster Okawaru
   227 | D:2      | Reached skill level 4 in Fighting
   227 | D:2      | Reached XP level 3. HP: 29/33 MP: 3/3
   439 | D:5      | Entered Level 5 of the Dungeon
   439 | D:5      | Noticed a sky beast
   452 | D:5      | Killed from afar by an orc priest

Vault maps used:
D:1:      erik_arrival_triangle_medium
D:2:      ashenzari_conservatory_becter, okawaru_ov_weapons_minmay
D:3:      nemelex_xobeh_ov_fountains_minmay, xom_redecorated
D:4:      uniq_grinder, uniq_edmund, uniq_duvessa
D:5:      lemuel_coloured_pillars_altar, nicolae_dithmenos_the_darkroom,
          first_ration, serial_bayou_pond_b, uniq_pikel

Skill      XL: |  1  2 |
---------------+-------+-----
Axes           | 3 |  3.8
Fighting       | 4 |  4.1
Armour         | |  3.7
Dodging        | |  0.1
Shields        | |  3.5

Action                   || total
-------------------------++-------
Melee: War axe           ||    88
Throw: Javelin           ||     2
  Use: Potion            ||     2
Armor: Scale mail        ||    20
       Chain mail        ||    16
Dodge: Dodged            ||    31
Block: Shield            ||    56

Table legend:
 A = Spawn XP
 B = Non-spawn XP
 C = Spawn XP percentage of total XP
 D = Spawn monster count
 E = Non-spawn monster count
 F = Spawn count percentage of total count
 G = Total turns spent on level
                    A         B        C        D         E        F      G
               +---------+---------+-------+---------+---------+-------+---------
         Total |       0 |      62 |   0.0 |       0 |      27 |   0.0 |   452
               +---------+---------+-------+---------+---------+-------+---------
           D:1 |       0 |      16 |   0.0 |       0 |      11 |   0.0 |   142
           D:2 |       0 |      28 |   0.0 |       0 |       9 |   0.0 |   166
           D:3 |       0 |       2 |   0.0 |       0 |       1 |   0.0 |   100
           D:4 |       0 |       4 |   0.0 |       0 |       2 |   0.0 |    31
           D:5 |       0 |      12 |   0.0 |       0 |       4 |   0.0 |    13
               +---------+---------+-------+---------+---------+-------+---------
